 Dungeon Crawl Stone Soup version 0.20-a0-731-gecde0bf (webtiles) character file.

126 Gorglomux the Caller (level 4, -1/24 HPs)
             Began as a Deep Elf Summoner on Feb 22, 2017.
             Slain by an iron imp (4 damage)
             ... summoned by Eustachio
             ... on level 4 of the Dungeon.
             The game lasted 00:08:23 (3720 turns).

Gorglomux the Caller (Deep Elf Summoner)            Turns: 3720, Time: 00:08:24

Health: -1/24      AC:  3    Str:  5    XL:     4   Next: 84%
Magic:  2/10       EV: 13    Int: 21    God:
Gold:   106        SH:  0    Dex: 15    Spells: 1/9 levels left

rFire    . . .     SeeInvis .   d - +0 whip
rCold    + . .     Gourm    .   a - +0 robe
rNeg     . . .     Faith    .   (no shield)
rPois    .         Spirit   .   (helmet restricted)
rElec    .         Reflect  .   (no cloak)
rCorr    .         Harm     .   (no gloves)
MR       .....     Rnd*Tele +   o - +0 pair of boots (curse)
Stlth    ++........             r - amulet of regeneration
Regen    0.5/turn               (no ring)
MPRegen  0.2/turn               t - ring of teleportation (curse)

@: very slightly contaminated
A: horns 1, cold resistance 1, evolution 1
a: no special abilities


You were on level 4 of the Dungeon.
You were not hungry.

You visited 1 branch of the dungeon, and saw 4 of its levels.

You collected 106 gold pieces.

Inventory:

Hand Weapons
 d - a +0 whip (weapon)
Missiles
 i - 78 stones (quivered)
Armour
 a - a +0 robe (worn)
 o - a cursed +0 pair of boots (worn)
Jewellery
 r - an amulet of regeneration (around neck)
 t - a cursed ring of teleportation (left hand)
Scrolls
 e - a scroll of recharging {unknown}
 g - a scroll of teleportation {unknown}
 l - a scroll of fear {unknown}
 q - a scroll of enchant weapon {unknown}
 u - a scroll of amnesia {unknown}
 w - a scroll of fog {unknown}
 R - 3 scrolls of identify
 T - 2 scrolls of remove curse {unknown}
Potions
 m - 3 potions of flight
 s - a potion of magic {unknown}
 U - a potion of heal wounds {unknown}
Books
 b - a book of Callings

   Spells                             Type                      Level
   a - Summon Small Mammal            Summoning                    1
   b - Call Imp                       Summoning                    2
   c - Call Canine Familiar           Summoning                    3
   d - Summon Guardian Golem          Hexes/Summoning              3
   e - Summon Lightning Spire         Summoning/Air                4
   f - Summon Ice Beast               Ice/Summoning                4
Comestibles
 c - 3 bread rations
 n - a meat ration


   Skills:
 - Level 2.4 Dodging
 - Level 2.4 Stealth
 - Level 3.0 Spellcasting
 - Level 6.1 Summonings
 + Level 2.4 Air Magic


You had one spell level left.
You knew the following spells:

 Your Spells              Type           Power        Failure   Level  Hunger
a - Summon Small Mammal   Summ           ####         1%          1    None
b - Call Canine Familiar  Summ           ####....     3%          3    ###....
l - Summon Lightning Spi  Summ/Air       ###.....     24%         4    ####...


Dungeon Overview and Level Annotations

Branches:
Dungeon (4/15)
 Temple: D:4-7

Altars:
Okawaru

Annotations:
D:4 Eustachio


Innate Abilities, Weirdness & Mutations

You have a pair of small horns on your head.
Your flesh is cold resistant. (rC+)
You evolve.


Message History

You headbutt the iron imp, but do no damage.
The iron imp is moderately wounded.
The bat barely misses you. x2; Your hound bites the iron imp.
The iron imp misses you. The bat barely misses you.
Your hound barely misses the iron imp.
You hit the iron imp but do no damage.
You headbutt the iron imp, but do no damage.
The iron imp is heavily wounded.
The bat barely misses you. The bat completely misses you.
Your hound barely misses the iron imp.
The iron imp hits you!
* * * LOW HITPOINT WARNING * * *
You hit the iron imp but do no damage.
The iron imp is heavily wounded.
The bat barely misses you. The bat misses you.
Your hound bites the iron imp but does no damage. x2
Eustachio mumbles some strange words.
Eustachio blinks!
The iron imp summons a swarm of flies.
The iron imp hits you.
You die...

#..#.#
#.####<.#.# #
#.........#.#
######..###.###
#..#.....#
#.b#b# #.###
#.b..# #h..
####.###5#
#.b§b@# ###r###
#5.. #.##.# #.#
# #.# #)# #.#


You could see an iron imp, a river rat, 2 bats and a friendly hound.

Vanquished Creatures
  A worm (D:3)
  4 giant cockroaches
  3 goblins (D:1)
  6 hobgoblins
  3 bats
  3 frilled lizards
  3 kobolds
  4 rats
27 creatures vanquished.

Vanquished Creatures (collateral kills)
  An ogre (D:3)
  3 adders
  2 oozes (D:2)
  A worm (D:2)
  A leopard gecko (D:3)
  4 bats
  5 hobgoblins
  A quokka (D:2)
  3 frilled lizards
  4 goblins
  6 kobolds
  4 rats (D:1)
35 creatures vanquished.

Vanquished Creatures (others)
  A bat (D:3)
1 creature vanquished.

Grand Total: 63 creatures vanquished

Notes
Turn   | Place    | Note
-------+----------+-------------------------------------------
     0 | D:1      | Gorglomux the Deep Elf Summoner began the quest for the Orb.
     0 | D:1      | Reached XP level 1. HP: 10/10 MP: 6/6
   562 | D:1      | Reached XP level 2. HP: 13/15 MP: 8/8
   587 | D:1      | Reached skill level 5 in Summonings
  1736 | D:2      | Reached XP level 3. HP: 18/19 MP: 5/9
  1741 | D:2      | Learned a level 3 spell: Call Canine Familiar
  2449 | D:2      | Found an iron altar of Okawaru.
  2533 | D:3      | Reached skill level 6 in Summonings
  2853 | D:3      | Gained mutation: You have a pair of small horns on your head. [potion of mutation]
  2853 | D:3      | Gained mutation: You evolve. [potion of mutation]
  2853 | D:3      | Gained mutation: Your flesh is cold resistant. (rC+) [potion of mutation]
  2854 | D:3      | Reached XP level 4. HP: 16/24 MP: 10/10
  2962 | D:3      | Learned a level 4 spell: Summon Lightning Spire
  3562 | D:3      | Noticed an ogre
  3567 | D:3      | Reached skill level 1 in Air Magic
  3615 | D:3      | Killed an ogre
  3690 | D:4      | Noticed Eustachio
  3720 | D:4      | Slain by an iron imp

Vault maps used:
D:1:      lemuel_arrival_lava_pool, minmay_misc_feat_square,
          hangedman_abyss_or_decor_stabs
D:2:      first_bread, okawaru_gym_becter
D:3:      amethyst_killhole
D:4:      xom_teletrap_fun, minmay_temple_entry_trees, uniq_eustachio

Skill      XL: |  1  2  3  4 |
---------------+-------------+-----
Summonings     | 5 6 |  6.1
Air Magic      | 2 |  2.4
Dodging        | |  2.4
Stealth        | |  2.4
Spellcasting   | |  3.0

Action                   |  1- 3 |  4- 6 || total
-------------------------+-------+-------++-------
Melee: Whip              |   151 |    31 ||   182
       Unarmed           |    11 |       ||    11
       Headbutt          |       |     5 ||     5
Throw: Stone             |    15 |       ||    15
 Cast: Summon Small Mamm |    30 |     2 ||    32
       Call Canine Famil |     9 |     3 ||    12
       Summon Lightning  |       |     4 ||     4
  Use: Potion            |     2 |       ||     2
       Scroll            |     1 |       ||     1
 Stab: Sleeping          |     5 |     4 ||     9
       Distracted        |       |     1 ||     1
  Eat: Chunk             |     7 |     4 ||    11
Armor: Robe              |    64 |    17 ||    81
Dodge: Dodged            |   187 |    58 ||   245
